General information
			
			
        
        - name: BNet
 
        - type: Ladder 1vs1/FFA
 
        - host: Battle.net
 
        - saver: BEAR_AND
 
        
map: EchoIsles 
        - players: 2
 
        - length: 26:26
 
        - speed: Fast
 - version: 1.22 W3XP
 - replay type:  

 
» download(111 KB)
Players
        team 1 (winner) 
              
              
BEAR_AND (
pink | 165 APM | 4373 actions | 26:26)
              
 9 Mountain King 
 3 Storm Bolt
 3 Bash
 1 Avatar
 2 Thunder Clap
 
                » actions 
                
                | Assign group hotkey | 25 |  | 
| Basic commands | 11 |  | 
| Build / train | 106 |  | 
| Enter build submenu | 47 |  | 
| Enter hero's abilities submenu | 9 |  | 
| Give item / drop item | 4 |  | 
| Remove unit from queue | 2 |  | 
| Right click | 2477 |  | 
| Select / deselect | 448 |  | 
| Select group hotkey | 1105 |  | 
| Use ability | 139 |  | 
                4373 total
 » units 
                
                | Peasant | 16 |  | 
| Footman | 12 |  | 
| Gryphon Rider | 13 |  | 
| Priest | 3 |  | 
                44 total
 » upgrades
                
                | Masonry | 3 |  | 
| Defend | 1 |  | 
| Lumber Harvesting | 2 |  | 
| Swords | 3 |  | 
| Animal War Training | 1 |  | 
| Storm Hammers | 1 |  | 
| Armor | 3 |  | 
| Magic Sentry | 1 |  | 
| Priest Training | 1 |  | 
                16 total
 » buildings
                
                | Altar of Kings | 1 |  | 
| Barracks | 1 |  | 
| Farm | 14 |  | 
| Lumber Mill | 3 |  | 
| Town Hall | 1 |  | 
| Scout Tower | 30 |  | 
| Arcane Vault | 2 |  | 
| Arcane Tower | 2 |  | 
| Guard Tower | 13 |  | 
| Keep | 1 |  | 
| Blacksmith | 1 |  | 
| Castle | 1 |  | 
| Gryphon Aviary | 2 |  | 
| Arcane Sanctum | 1 |  | 
                73 total
 » build order
                00:11 Altar of Kings
00:20 Barracks
00:33 Farm
01:04 Farm
01:59 Farm
03:32 Lumber Mill
03:59 Town Hall
04:10 Scout Tower
04:12 Scout Tower
04:13 Arcane Vault
04:41 Arcane Tower
04:42 Guard Tower
04:42 Guard Tower
05:08 Scout Tower
05:09 Scout Tower
05:37 Scout Tower
05:38 Scout Tower
06:02 Arcane Tower
06:04 Scout Tower
06:37 Guard Tower
06:59 Keep
07:02 Guard Tower
07:12 Scout Tower
07:13 Scout Tower
07:14 Scout Tower
07:38 Farm
07:39 Farm
07:45 Guard Tower
08:13 Guard Tower
09:05 Blacksmith
09:14 Guard Tower
09:17 Scout Tower
09:18 Scout Tower
09:22 Castle
09:28 Gryphon Aviary
09:44 Scout Tower
09:46 Scout Tower
09:47 Scout Tower
09:48 Scout Tower
10:28 Gryphon Aviary
10:45 Guard Tower
11:14 Guard Tower
11:15 Guard Tower
11:34 Farm
11:35 Farm
11:35 Farm
12:23 Guard Tower
13:28 Farm
13:28 Farm
16:33 Guard Tower
16:48 Arcane Sanctum
22:43 Arcane Vault
23:57 Scout Tower
23:58 Scout Tower
23:59 Scout Tower
24:00 Scout Tower
24:02 Scout Tower
24:03 Scout Tower
24:03 Scout Tower
24:04 Scout Tower
24:08 Lumber Mill
24:09 Lumber Mill
24:22 Scout Tower
24:22 Scout Tower
24:22 Scout Tower
24:23 Scout Tower
24:24 Scout Tower
24:24 Scout Tower
24:43 Guard Tower
24:59 Farm
24:59 Farm
25:00 Farm
25:00 Farm
» items
                
                | Boots of Speed | 1 |  | 
| Lesser Clarity Potion | 5 |  | 
| Scroll of Regeneration | 3 |  | 
| Scroll of Town Portal | 3 |  | 
| Staff of Sanctuary | 1 |  | 
| Potion of Lesser Invulnerability | 3 |  | 
                16 total
  
               team 2 (loser) 
              
              
» 
CraIgDre (
purple | 124 APM | 3284 actions | 26:24)
              
 5 Archmage 
 3 Summon Water Elemental
 1 Brilliance Aura
 1 Blizzard
 4 Mountain King 
 2 Storm Bolt
 2 Thunder Clap
 
                » actions 
                
                | Assign group hotkey | 67 |  | 
| Basic commands | 34 |  | 
| Build / train | 112 |  | 
| ESC pressed | 8 |  | 
| Enter build submenu | 40 |  | 
| Enter hero's abilities submenu | 9 |  | 
| Give item / drop item | 1 |  | 
| Right click | 919 |  | 
| Select / deselect | 458 |  | 
| Select group hotkey | 1520 |  | 
| Use ability | 116 |  | 
                3284 total
 » units 
                
                | Peasant | 33 |  | 
| Footman | 7 |  | 
| Spell Breaker | 2 |  | 
| Priest | 3 |  | 
| Sorceress | 3 |  | 
| Siege Engine | 6 |  | 
| Dragonhawk Rider | 12 |  | 
| Mortar Team | 2 |  | 
| Gryphon Rider | 1 |  | 
                69 total
 » upgrades
                
                | Lumber Harvesting | 2 |  | 
| Barrage | 1 |  | 
| Cloud | 1 |  | 
| Flare | 1 |  | 
| Swords | 1 |  | 
| Gunpowder | 3 |  | 
                9 total
 » buildings
                
                | Altar of Kings | 1 |  | 
| Barracks | 1 |  | 
| Farm | 13 |  | 
| Scout Tower | 9 |  | 
| Lumber Mill | 1 |  | 
| Arcane Tower | 1 |  | 
| Keep | 1 |  | 
| Arcane Vault | 1 |  | 
| Guard Tower | 11 |  | 
| Town Hall | 1 |  | 
| Blacksmith | 2 |  | 
| Arcane Sanctum | 1 |  | 
| Castle | 2 |  | 
| Workshop | 2 |  | 
| Gryphon Aviary | 2 |  | 
                49 total
 » build order
                00:08 Altar of Kings
00:20 Barracks
00:35 Farm
00:51 Farm
01:32 Scout Tower
01:47 Lumber Mill
01:59 Farm
02:05 Arcane Tower
02:36 Farm
03:40 Keep
03:53 Arcane Vault
04:05 Scout Tower
04:30 Farm
04:55 Guard Tower
05:10 Town Hall
05:11 Blacksmith
05:14 Scout Tower
05:15 Scout Tower
05:41 Guard Tower
05:43 Guard Tower
05:44 Guard Tower
05:45 Scout Tower
05:55 Scout Tower
06:09 Arcane Sanctum
07:00 Guard Tower
07:55 Farm
07:59 Scout Tower
08:07 Scout Tower
08:28 Guard Tower
08:28 Guard Tower
08:28 Guard Tower
08:34 Guard Tower
09:22 Blacksmith
09:30 Scout Tower
10:08 Guard Tower
10:52 Castle
11:21 Workshop
11:39 Workshop
11:46 Farm
11:48 Farm
12:34 Gryphon Aviary
13:14 Gryphon Aviary
13:39 Farm
15:33 Farm
15:35 Farm
15:37 Farm
15:38 Farm
» items
                
                | Scroll of Regeneration | 1 |  | 
| Scroll of Town Portal | 1 |  | 
                2 total
  
                Chat log
          (00:05 / All) BEAR_AND: all right cralg
(00:06 / All) BEAR_AND: gl hf
(00:12 / All) CraIgDre: from?
(00:14 / All) BEAR_AND: toronto
(00:31 / All) CraIgDre: gl hf
(12:23 / All) CraIgDre: WTF
(12:31 / All) BEAR_AND: ?
(12:42 / All) CraIgDre: DNT HAVE MORE TOWERS??
(26:24 / All) CraIgDre: GG